Oh Boy, chaotic female sylph Priestess .%- ..| --- |%---@- |...G... --<....` |...--- --..| ---- Oh Boy the Acolyte Experience level: 4 Strength: 13 Dexterity: 14 Constitution: 14 Intelligence: 17 Wisdom: 9 Charisma: 9 Health: 0(32) Energy: 44(44) Def: 3 Gold: 290 Moves: 1332 Dungeon seed: 9sJqQHGkS_YA6Xoj Game ID: Oh Boy_1512497539 Your Inventory: Coins $ - 290 gold pieces Weapons a - a blessed +1 mace (weapon in hand) l - a cursed -2 knife Armor e - an uncursed +0 robe (being worn) n - an uncursed +0 small shield (being worn) y - a blessed +4 orcish helm Comestibles c - an uncursed clove of garlic d - 2 uncursed sprigs of wolfsbane v - an uncursed food ration w - an uncursed lichen corpse Scrolls o - an uncursed scroll of teleportation Spellbooks g - an uncursed spellbook of protection h - an uncursed spellbook of remove curse i - an uncursed spellbook of detect unseen Potions b - 4 potions of holy water j - an uncursed potion of gain energy k - an uncursed potion of healing m - an uncursed potion of booze t - an uncursed potion of blindness Wands f - a blessed wand of cancellation (0:1) u - an uncursed wand of enlightenment (0:10) Gems q - an uncursed worthless piece of orange glass r - 2 uncursed worthless pieces of violet glass Spells and supernatural/magical abilities: Name Level Category Fail Memory p - protection 1 clerical 0% 94% r - remove curse 3 clerical 0% 94% U - detect unseen 3 divination 84% 94% W - pray for help -- divine ? -- X - turn undead -- divine ? -- Your skills at the end: Miscellaneous Skills shield [Basic] wands [Basic] Weapon Skills mace [Basic] Spellcasting Skills clerical spells [Basic] Final Attributes: You were piously aligned. You saw invisible. You were very stealthy. You were protected from shape changers. You were lucky. You are dead. Vanquished creatures: a gnome lord a dwarf a giant bat a large kobold a hobgoblin 2 cave spiders a green mold 2 gnomes a gnome zombie 9 jackals a fox 5 newts 2 goblins 2 sewer rats 5 grid bugs 4 lichens a kobold zombie 40 creatures vanquished. Voluntary challenges: You followed a strict vegan diet. You did not adorn yourself with jewelry or accessories. You did not cause conflict. You were not invisible. You did not have reflection. You were not displaced. You were an atheist. You used a wielded weapon 47 times, starting on turn 3. You did not use tools. You did not use plumbed fixtures. You did not drink any magical draughts. You were illiterate. You never genocided any monsters. You never polymorphed an object. You never changed form. You used no wishes. You never split a pudding. You never wrote Elbereth's name. You violated your moral code, losing 2 points of alignment, starting on turn 1171. Dungeon overview: The Dungeons of Doom: levels 1 to 3 Level 1 a fountain a long staircase Level 2 Level 3 stairs to The Gnomish Mines The Gnomish Mines: Level 4 <- You were here stairs to The Dungeons of Doom History has recorded: On T:1 you entered the Dungeons of Doom to retrieve the Amulet of Yendor! On T:453 you reached level 2 of The Dungeons of Doom. On T:567 you reached level 3 of The Dungeons of Doom. On T:571 you advanced to experience level 2. On T:805 you advanced to experience level 3. On T:1284 you advanced to experience level 4. On T:1286 you reached level 1 of The Gnomish Mines. Score breakdown: Gold: 290 ( 29 points) Experience: 4 levels ( 300 points) Exploration: 4 levels ( 90 points) Discoveries: 8 items ( 400 points) Variety of kills: 17 monsters ( 850 points) Major goal: (nothing yet) ( 0 points) Survival: died (score multiplied by 3) Total score: 5007 Latest messages: You kill the gnome! You hear a nearby zap. The magic missile hits you! The magic missile bounces! The magic missile hits you! You hear a nearby zap. The magic missile hits it. The magic missile hits you! You hear the wailing of the Banshee... The kobold zombie scratches you! You destroy the kobold zombie! Your conscience is assuaged. You feel self-knowledgeable... The feeling subsides. You hit the gnome lord! The gnome lord zaps an oak wand! The magic missile hits you! The magic missile bounces! The magic missile hits you! You die... Final status: Goodbye Oh Boy the Priestess, killed by a magic missile... You died in The Gnomish Mines on dungeon level 4 with 5007 points, and 290 pieces of gold, after 1332 moves. You were level 4 with a maximum of 32 hit points when you died.